 Dungeon Crawl Stone Soup version 0.27-a0-795-ge5c3fa52fd (webtiles) character file.

Game seed: 14899181308579304340

15633 Essalna the Warrior (level 12, -9/102 HPs)
             Began as a Djinni Venom Mage on Mar 27, 2021.
             Was an Elder of Makhleb.
             Mangled by a six-headed hydra (13 damage)
             ... on level 10 of the Dungeon.
             The game lasted 00:31:33 (13732 turns).

Essalna the Warrior (Djinni Venom Mage)            Turns: 13732, Time: 00:31:33

Health: -9/102     AC: 14    Str:  7    XL:     12   Next: 29%
Gold:   669        EV: 15    Int: 21    God:    Makhleb [****..] SH:  0 Dex: 15

rFire    + + +     SeeInvis +   k - staff of fire
rCold    x . .     Faith    .   (no shield)
rNeg     . . .     Spirit   .   a - +0 robe
rPois    ∞         Reflect  .   c - +2 helmet {SInv}
rElec    .         Harm     .   z - +0 cloak
rCorr    .         Rampage  .   (no gloves)
Will     +....                  (boots unavailable)
Stlth    ++........             (no amulet)
HPRegen  0.27/turn              l - +4 ring of protection
MPRegen  0.00/turn              F - +4 ring of protection

@: flying
A: fire resistance 2, cold vulnerability 1, float, innate caster, hp casting,
extra vitality 1
a: Renounce Religion, Minor Destruction, Lesser Servant of Makhleb, Major
Destruction


You were on level 10 of the Dungeon.
You worshipped Makhleb.
Makhleb was greatly pleased with you.
You visited 1 branch of the dungeon, and saw 10 of its levels.

You collected 669 gold pieces.

Inventory:

Hand Weapons
 b - a +1 dagger of venom
Armour
 a - a +0 robe (worn)
 c - a +2 helmet of see invisible (worn)
 z - a +0 cloak (worn)
Magical Staves
 k - a staff of fire (weapon)
 H - a staff of poison
Jewellery
 l - a +4 ring of protection (left hand)
 m - a ring of willpower
 s - a ring of fire
 F - a +4 ring of protection (right hand)
 J - a ring of fire
Wands
 v - a wand of mindburst (14)
 x - a wand of flame (9)
 A - a wand of digging (2)
 C - a wand of acid (6)
 E - a wand of iceblast (21)
Scrolls
 e - 5 scrolls of teleportation
 f - a scroll of silence
 h - a scroll of identify
 i - 3 scrolls of amnesia
 p - 2 scrolls of fog
 q - a scroll of enchant armour
 y - a scroll of magic mapping
Potions
 d - a potion of degeneration
 g - 2 potions of haste
 j - 2 potions of mutation
 n - 3 potions of berserk rage
 o - a potion of attraction {unknown}
 t - 3 potions of heal wounds
 u - 2 potions of magic {unknown}
 w - 7 potions of curing {unknown}
 B - a potion of ambrosia {unknown}
 G - a potion of cancellation {unknown}


   Skills:
 + Level 15.1 Fighting
 - Level 4.0 Armour
 + Level 6.6 Dodging
 - Level 1.5 Stealth
 + Level 11.4 Spellcasting


You had 6 spell levels left.
You knew the following spells:

 Your Spells              Type           Power      Damage    Failure   Level
a - Sting                 Tmut/Pois      100%       1d8       1%          1
b - Poisonous Vapours     Pois/Air       100%       N/A       1%          2
c - Mephitic Cloud        Conj/Pois/Air  57%        N/A       1%          3
d - Ignite Poison         Fire/Tmut/Pois 74%        N/A       1%          3
e - Olgreb's Toxic Radia  Pois           57%        N/A       1%          4
f - Foxfire               Conj/Fire      100%       2x1d9     1%          1
g - Passwall              Tmut/Erth      47%        N/A       1%          2
h - Searing Ray           Conj           100%       3d7       1%          2
i - Cause Fear            Hex            28%        N/A       1%          4
j - Summon Forest         Summ/Tloc      28%        N/A       1%          5
Your spell library was empty.

Dungeon Overview and Level Annotations

Branches:
Dungeon (10/15)            Temple (0/1) D:7
   Lair: D:8-11         Orc: D:9-12

Altars:
Ashenzari
Elyvilon
Fedhas
Hepliaklqana
Makhleb
Nemelex Xobeh
Ru
Sif Muna
Trog
Wu Jian
Xom
The Shining One

Shops:
D:2 !   D:9 !

Portals:
Abyss: D:6

Annotations:
D:6 2 transporters, polve's ghost, novice DsBe


Innate Abilities, Weirdness & Mutations

You are immune to poison.
Your flesh is very heat resistant. (rF++)
You are vulnerable to cold. (rC-)
You float through the air rather than walking.
You learn spells naturally, not from books.
Your magical power is your life essence.
You have superior vitality. (+4 HP)


Message History

The six-headed hydra bites you.
The six-headed hydra bites you but does no damage.
The six-headed hydra misses you. The six-headed hydra barely misses you.
The searing ray hits the six-headed hydra!
The six-headed hydra is moderately wounded.
The six-headed hydra bites you but does no damage.
The six-headed hydra bites you.
The six-headed hydra barely misses you. x2
The six-headed hydra bites you.
The six-headed hydra bites you but does no damage.
The searing ray hits the six-headed hydra.
The six-headed hydra is moderately wounded.
The six-headed hydra barely misses you. The six-headed hydra bites you!
The six-headed hydra closely misses you.
The six-headed hydra bites you. x2; The six-headed hydra misses you.
The searing ray hits the six-headed hydra!
The six-headed hydra is heavily wounded.
You finish channeling your searing ray.
The six-headed hydra closely misses you.
The six-headed hydra barely misses you.
The six-headed hydra closely misses you. x2
The six-headed hydra bites you! The six-headed hydra bites you.
Casting: Searing Ray (safe; 1% risk of failure)
Confirm with . or Enter, or press ? or * to list all spells.
Okay, then.
Unknown command.
Casting: Searing Ray (safe; 1% risk of failure)
Confirm with . or Enter, or press ? or * to list all spells.
The six-headed hydra resists with almost no effort.
* * * LOW HITPOINT WARNING * * *
The six-headed hydra bites you!
* * * LOW HITPOINT WARNING * * *
The six-headed hydra bites you but does no damage.
The six-headed hydra bites you.
* * * LOW HITPOINT WARNING * * *
The six-headed hydra bites you.
* * * LOW HITPOINT WARNING * * *
The six-headed hydra bites you!
* * * LOW HITPOINT WARNING * * *
The six-headed hydra bites you!
You die...

#..................
...................
..#................
..#.####.#.......##.......
.....♣....#....##.##.......
................†>##.......
...#.#.......♣..)............
.........♣...................
............@................
..♣.........D....##..........
...#.....!♣..................
.......#.....................
.......♣...♣.................
....≈≈)†.....................
#....≈.≈..#..................
.##♣≈≈≈≈..#...♣..............
#≈≈≈≈............).........


You could see a six-headed hydra.

Vanquished Creatures
  Gastronok (D:8)
  A death knight (D:9)
  An orc knight (D:10)
  Pikel (D:6)
  An ugly thing (D:7)
  A manticore (D:10)
  A cyclops (D:10)
  Maggie (D:6)
  A yaktaur (D:10)
  A tengu conjurer (D:9)
  A troll (D:9)
  A slime creature (D:9)
  Grinder (D:5)
  18 yaks
  Eustachio (D:5)
  3 wyverns
  Menkaure (D:4)
  Edmund (D:6)
  Duvessa (D:6)
  2 acid dragons
  6 water moccasins
  3 orc warriors
  A sky beast (D:7)
  3 ice beasts
  2 black bears
  2 necrophages
  2 ogres
  4 centaurs
  5 phantoms
  Blork the orc (D:5)
  9 bullfrogs
  4 kobold brigands
  Dowan (D:6)
  A water moccasin zombie (D:5)
  3 scorpions (D:7)
  A wyvern skeleton (D:7)
  2 water moccasin skeletons (D:7)
  2 killer bees
  8 howler monkeys
  9 wights
  An electric eel (D:7)
  A bullfrog zombie (D:5)
  A centaur zombie (D:7)
  2 centaur skeletons
  5 orc priests
  4 hounds
  Crazy Yiuf (D:5)
  3 jellies
  4 bullfrog skeletons
  3 iguanas
  6 orc wizards
  2 killer bee zombies
  A hound zombie (D:5)
  2 howler monkey zombies
  7 gnolls
  6 adders
  A howler monkey skeleton (D:7)
  A shadow imp (D:6)
  2 white imps
  2 ufetubi
  2 adder skeletons (D:4)
  2 worms (D:4)
  2 dart slugs
  19 orcs
  11 ball pythons
  4 bats
  3 endoplasms
  3 giant cockroaches (D:1)
  5 goblins
  4 hobgoblins
  10 jackals
  25 kobolds
  2 quokkas
  A frilled lizard (D:1)
  5 rats
262 creatures vanquished.

Vanquished Creatures (collateral kills)
  A glowing orange brain (shapeshifter) (D:10)
  Joseph (D:8)
2 creatures vanquished.

Vanquished Creatures (others)
  1258 foxfires
  A plant (D:1)
1259 creatures vanquished.

Grand Total: 1523 creatures vanquished

Notes
Turn   | Place    | Note
-------+----------+-------------------------------------------
     0 | D:1      | Essalna the Djinni Venom Mage began the quest for the Orb.
     0 | D:1      | Reached XP level 1. HP: 15/15 MP: 0/0
   133 | D:1      | Reached XP level 2. HP: 3/21 MP: 0/0
  1125 | D:1      | Reached XP level 3. HP: 23/25 MP: 0/0
  1125 | D:1      | Learned a level 1 spell: Foxfire
  2028 | D:2      | Found Gatuosib's Distillery.
  2325 | D:2      | Found a bloodstained altar of Trog.
  2331 | D:2      | Found an ornate altar of the Wu Jian Council.
  2333 | D:2      | Found a hazy altar of Hepliaklqana.
  2333 | D:2      | Found a white marble altar of Elyvilon.
  2333 | D:2      | Found a glowing golden altar of the Shining One.
  2334 | D:2      | Found a burning altar of Makhleb.
  2340 | D:2      | Became a worshipper of Makhleb the Destroyer
  3089 | D:3      | Reached XP level 4. HP: 13/31 MP: 0/0
  3936 | D:3      | Found a sparkling altar of Nemelex Xobeh.
  4011 | D:4      | Identified a scroll of acquirement
  4011 | D:4      | Acquired a manual of Fighting
  4044 | D:4      | Noticed an ogre
  4054 | D:4      | Killed an ogre
  4055 | D:4      | Reached skill level 2 in Fighting
  4055 | D:4      | Reached XP level 5. HP: 27/40 MP: 0/0
  4055 | D:4      | Learned a level 2 spell: Passwall
  4067 | D:4      | Noticed a necrophage
  4090 | D:4      | Killed a necrophage
  4091 | D:4      | Reached skill level 4 in Fighting
  4091 | D:4      | Reached skill level 5 in Spellcasting
  4091 | D:4      | Reached XP level 6. HP: 31/47 MP: 0/0
  4233 | D:4      | Noticed a yak
  4248 | D:4      | Killed a yak
  4249 | D:4      | Reached skill level 5 in Fighting
  4567 | D:4      | Noticed a black bear
  4575 | D:4      | Killed a black bear
  4576 | D:4      | Reached skill level 6 in Fighting
  4576 | D:4      | Reached XP level 7. HP: 42/56 MP: 0/0
  4576 | D:4      | Learned a level 2 spell: Searing Ray
  4738 | D:4      | Found a glowing drain.
  4816 | D:4      | Noticed Menkaure
  4821 | D:4      | Killed Menkaure
  4867 | D:4      | Reached * piety under Makhleb
  4941 | D:4      | Reached skill level 7 in Fighting
  5192 | D:4      | Found a sacrificial altar of Ru.
  5203 | D:4      | Noticed a yak
  5207 | D:4      | Killed a yak
  5208 | D:4      | Reached XP level 8. HP: 63/65 MP: 0/0
  5281 | D:4      | Noticed a yak
  5282 | D:4      | Noticed a yak
  5293 | D:4      | Killed a yak
  5294 | D:4      | Reached skill level 8 in Fighting
  5303 | D:4      | Killed a yak
  5613 | D:4      | Reached skill level 9 in Fighting
  5744 | D:5      | Entered Level 5 of the Dungeon
  6043 | D:5      | Noticed Eustachio
  6055 | D:5      | Killed Eustachio
  6056 | D:5      | Reached skill level 10 in Fighting
  6056 | D:5      | Reached XP level 9. HP: 48/74 MP: 0/0
  6056 | D:5      | Learned a level 4 spell: Cause Fear
  6061 | D:5      | Noticed Blork the orc
  6070 | D:5      | Killed Blork the orc
  6516 | D:5      | Noticed Grinder
  6588 | D:5      | Killed Grinder
  6589 | D:5      | Reached skill level 11 in Fighting
  6853 | D:5      | Found a runed translucent door.
  6854 | D:5      | Noticed Crazy Yiuf
  6859 | D:5      | Killed Crazy Yiuf
  7172 | D:6      | Found a blossoming altar of Fedhas.
  7518 | D:6      | Found a transporter.
  7582 | D:6      | Reached ** piety under Makhleb
  7782 | D:6      | Noticed Pikel
  7790 | D:6      | Killed Pikel
  7791 | D:6      | Reached skill level 12 in Fighting
  7916 | D:6      | Noticed Maggie
  7930 | D:6      | Killed Maggie
  7931 | D:6      | Reached XP level 10. HP: 66/85 MP: 0/0
  8146 | D:6      | Reached skill level 13 in Fighting
  8161 | D:6      | Found a transporter.
  8163 | D:6      | Noticed Duvessa
  8163 | D:6      | Noticed Dowan
  8167 | D:6      | Killed Duvessa
  8167 | D:6      | Killed Dowan
  8174 | D:6      | Noticed Edmund
  8181 | D:6      | Killed Edmund
  8360 | D:6      | Found a one-way gate to the infinite horrors of the Abyss.
  8360 | D:6      | Noticed polve's ghost (novice DsBe)
  8524 | D:7      | Found a staircase to the Ecumenical Temple.
  8855 | D:7      | Noticed a green ugly thing
  8870 | D:7      | Killed a green ugly thing
  9025 | D:7      | Reached skill level 10 in Spellcasting
  9184 | D:7      | Reached skill level 14 in Fighting
  9273 | D:7      | Reached *** piety under Makhleb
  9358 | D:7      | Reached XP level 11. HP: 86/94 MP: 0/0
  9358 | D:7      | Learned a level 5 spell: Summon Forest
 10034 | D:8      | Noticed Joseph
 10048 | D:8      | Killed Joseph
 10508 | D:8      | Noticed Gastronok
 10522 | D:8      | Killed Gastronok
 11144 | D:8      | Found a broken altar of Ashenzari.
 11467 | D:9      | Reached **** piety under Makhleb
 11900 | D:9      | Found a shimmering altar of Xom.
 12370 | D:9      | Reached skill level 5 in Dodging
 12550 | D:9      | Found Birchuif's Distillery.
 13061 | D:10     | Entered Level 10 of the Dungeon
 13082 | D:10     | Noticed a seven-headed hydra
 13082 | D:10     | Noticed a cyclops
 13082 | D:10     | Noticed a death knight
 13082 | D:10     | Noticed a manticore
 13108 | D:9      | Killed a death knight
 13109 | D:9      | Reached XP level 12. HP: 50/101 MP: 0/0
 13453 | D:10     | Reached skill level 15 in Fighting
 13713 | D:10     | Noticed a six-headed hydra
 13732 | D:10     | HP: 4/102 [six-headed hydra (16)]
 13732 | D:10     | Mangled by a six-headed hydra

Illustrated notes

Levels and vault maps discovered:
D:1:      dpeg_arrival_three_same_balls, layout_rooms, serial_forest,
          infiniplex_forest_lined_corner, infiniplex_forest_corner_2,
          infiniplex_forest_lined_corner, infiniplex_forest_lined_corner,
          infiniplex_forest_end_double, infiniplex_forest_lined_room_3,
          infiniplex_forest_lined_2, infiniplex_forest_side_room
D:2:      layout_basic, minitemple, serial_shops, shop
D:3:      layout_loops_ring, minmay_misc_feat_iff, nemelex_spade_bored_becter
D:4:      layout_gridville, nicolae_ru_great_annihilating_truth,
          cheibrodos_sewer_entry_bend, uniq_menkaure
D:5:      layout_loops_ring, uniq_eustachio, uniq_grinder,
          uniq_crazy_yiuf_cottage, uniq_blork_the_orc
D:6:      layout_cave_pods, fedhas_altar_2, gammafunk_ghost_abyssal_escape,
          minmay_misc_feat_secret_circle, uniq_pikel, uniq_edmund, uniq_duvessa,
          uniq_maggie
D:7:      nzn_winding_woodlands_cross [nzn_winding_woodlands_5x15_concentric,
          nzn_winding_woodlands_5x15_zeroes, nzn_winding_woodlands_5x15_parted,
          nzn_winding_woodlands_5x15_river_crossing,
          nzn_winding_woodlands_15x15_killbox], layout_basic,
          minmay_temple_entry_mini_moons
D:8:      layout_loops_cross, basic_altar, uniq_joseph, uniq_gastronok
D:9:      layout_basic, xom_teletrap_fun, serial_shops,
          nicolae_shop_statue_plus, minmay_chambers_of_fives
D:10:     minmay_the_grid_octo_triangle [minmay_the_grid_octo_teeth,
          minmay_the_grid_octo_prize_star, minmay_the_grid_octo_fan_narrow],
          layout_basic, minmay_stone_trees_small

Skill      XL: |  1  2  3  4  5  6  7  8  9 10 11 12 |
---------------+-------------------------------------+-----
Spellcasting   | 3 4 5 6 7 9 10 11 | 11.4
Fighting       | 2 4 6 7 10 12 14 15 | 15.1
Armour         | 4 |  4.0
Dodging        | 5 6 |  6.6
Stealth        | |  1.5

Action                   |  1- 3 |  4- 6 |  7- 9 | 10-12 || total
-------------------------+-------+-------+-------+-------++-------
Melee: Dagger            |    10 |       |       |       ||    10
       Staff             |     3 |       |    32 |    90 ||   125
 Cast: Sting             |    74 |       |    10 |     4 ||    88
       Foxfire           |    20 |    86 |   291 |   348 ||   745
       Poisonous Vapours |       |     5 |    30 |    20 ||    55
       Ignite Poison     |       |       |       |    22 ||    22
       Olgreb's Toxic Ra |       |       |       |    25 ||    25
       Searing Ray       |       |       |       |     7 ||     7
       Cause Fear        |       |       |       |     2 ||     2
       Summon Forest     |       |       |       |     3 ||     3
  Use: Scroll            |       |     1 |       |    14 ||    15
Armor: Robe              |    17 |     1 |    23 |    86 ||   127
Dodge: Dodged            |    48 |     1 |    42 |   146 ||   237

Table legend: (Time is in decaauts)
 A = Elapsed time spent in this place.
 B = Non-inter-level travel time spent in this place.
 C = Inter-level travel time spent in this place.
 D = Time resting spent in this place.
 E = Time spent auto-exploring this place.
 F = Levels seen in this place.
 G = Mean time per level.
                   A        B        C        D        E       F      G
               +--------+--------+--------+--------+--------+-----+--------+
         Total |  13755 |  13566 |    189 |    299 |  11409 |  10 | 1375.5 |
       Dungeon |  13755 |  13566 |    189 |    299 |  11409 |  10 | 1375.5 |
               +--------+--------+--------+--------+--------+-----+--------+

Top non-repeatable levels by time:
     D:9: 2043 daAuts
     D:7: 1803 daAuts
     D:1: 1741 daAuts
     D:4: 1737 daAuts
     D:5: 1432 daAuts
     D:6: 1246 daAuts
     D:3: 1189 daAuts
     D:8: 1184 daAuts
     D:2: 1074 daAuts
    D:10: 302 daAuts
